Map: Inside and Out

Players

Future

  • Race: Terran Terran
  • Spawn Location: 1:00

Solar - Winner!

  • Race: Zerg Zerg
  • Spawn Location: 7:00

Event: DreamHack SC2 Masters 2022 Atlanta (Offline)

VOD

Have the link to the VOD?

Description

Time

  • Played on: Nov. 18, 2022, 1:01 p.m.
  • Length: 5:41

All games in this series

Show
View Real Time Build Order
Export as new Build Order

Future Terran 

Build Orders:  

Get SALT Encoding   

  12  0:00  SCV  
  13  0:12  SCV  
  14  0:17  Supply Depot  
  14  0:24  SCV  
  15  0:39  SCV  
  15  0:41  Barracks  
  16  0:44  Refinery  
  16  0:51  SCV  
  17  1:03  SCV  
  18  1:15  SCV  
  19  1:27  Barracks Reactor, Orbital Command  
  19  1:39  Command Center  
  19  1:47  Supply Depot  
  19  1:53  SCV  
  20  2:00  Barracks  
  20  2:05  SCV, Marine x2  
  23  2:16  Barracks  
  23  2:17  SCV  
  24  2:23  Marine x2  
  24  2:29  SCV  
  27  2:34  Barracks  
  27  2:41  SCV, Marine x2  
  30  2:47  Barracks Tech Lab  
  30  2:50  Orbital Command  
  30  2:58  Marine  
  30  2:59  Marine  
  32  3:05  Marine  
  32  3:07  Barracks  
  32  3:11  Stimpack  
  32  3:14  Marine  
  32  3:19  Marine  
  34  3:20  Marine  
  34  3:22  Marine  
  36  3:27  Marine  
  37  3:36  Marine  
  37  3:37  Marine  
  37  3:38  Supply Depot  
  37  3:39  Marine  
  37  3:40  Marine  
  41  3:45  Marine  
  42  3:53  Supply Depot  
  42  3:54  Marine x2  
  44  3:56  Marine x2  
  44  3:59  Engineering Bay, Marine  
  47  4:03  Marine  
  47  4:05  Supply Depot  
  48  4:11  Marine  
  48  4:12  Marine  
  48  4:14  Marine x2  
  52  4:17  Marine  
  52  4:21  Marine  
  54  4:29  Marine  
  54  4:30  Marine  
  56  4:32  Marine x2  
  56  4:35  Marine  
  59  4:38  Marine  
  60  4:47  Marine  
  60  4:48  Marine  
  60  4:50  Marine x2  
  64  4:53  Marine  
  64  4:56  Marine  
  65  5:05  Marine  
  65  5:06  Marine  
  56  5:08  Marine x2  
  56  5:11  Marine  
  44  5:14  Marine  
  44  5:18  SCV  
  44  5:19  SCV  
  43  5:23  Marine  
Show
View Real Time Build Order
Export as new Build Order

Solar Zerg - Winner!

Build Orders: Pool First 

Get SALT Encoding   

  12  0:00  Drone  
  13  0:12  Overlord  
  13  0:17  Drone  
  14  0:31  Drone x2  
  14  0:34  Drone  
  17  0:37  Extractor  
  16  0:46  Spawning Pool  
  16  0:49  Drone  
  16  0:56  Drone  
  17  1:16  Hatchery  
  16  1:19  Drone  
  17  1:33  Queen  
  17  1:36  Zergling x2  
  20  1:42  Metabolic Boost  
  20  1:46  Zergling x2  
  21  1:52  Overlord  
  21  1:56  Drone  
  22  2:09  Queen  
  22  2:12  Drone  
  22  2:14  Zergling x2  
  26  2:24  Zergling x2  
  26  2:28  Zergling x2  
  28  2:33  Drone  
  29  2:39  Drone  
  29  2:41  Drone x2  
  29  2:42  Drone  
  33  2:50  Hatchery  
  32  2:55  Overlord  
  32  2:58  Drone  
  32  3:05  Queen  
  32  3:09  Drone  
  32  3:10  Drone  
  32  3:12  Drone  
  35  3:14  Drone  
  36  3:20  Drone x2  
  36  3:21  Drone  
  36  3:23  Drone  
  40  3:29  Queen  
  40  3:32  Drone  
  43  3:34  Overlord  
  43  3:37  Drone  
  44  3:46  Overlord  
  44  3:52  Queen  
  44  3:54  Drone x5  
  51  3:55  Drone  
  51  4:00  Overlord  
  52  4:04  Queen  
  52  4:06  Drone  
  55  4:10  Drone x2  
  55  4:12  Drone x2  
  55  4:15  Drone  
  55  4:16  Drone  
  60  4:19  Zergling x2  
  60  4:20  Zergling x4  
  63  4:24  Zergling x4  
  63  4:28  Queen  
  63  4:30  Overlord  
  67  4:35  Zergling x4  
  69  4:41  Zergling x6  
  69  4:43  Queen  
  74  4:48  Baneling Nest  
  74  4:49  Zergling x2  
  74  4:50  Zergling x8  
  78  4:53  Overlord  
  77  5:02  Zergling x10  
  77  5:06  Zergling x2  
  69  5:10  Zergling x2  
  69  5:13  Drone  
  56  5:15  Drone  
  57  5:23  Zergling x4  
  57  5:27  Drone  
Tags
 
Add a new tag
Caveats
  • Supply blocks, unpowered buildings, or Contaminate may cause inaccurate times.
  • Supply counts are checked every 10 seconds.